 Dungeon Crawl Stone Soup version 0.31-a0-986-g5e6e4ef867 (webtiles) character file.

Game seed: 3849617064479840774

157 wildpjah the Covered (level 5, -2/41 HPs)
             Began as a Demonspawn Fighter on Nov 21, 2023.
             Succumbed to an orc's poison
             ... on level 3 of the Dungeon.
             The game lasted 00:05:21 (1973 turns).

wildpjah the Covered (Demonspawn Fighter)           Turns: 1973, Time: 00:05:21

Health: -2/41      AC:  8    Str: 17    XL:     5   Next: 15%
Magic:  5/5        EV:  9    Int:  9    God:
Gold:   80         SH:  5    Dex: 14    Spells: 4/4 levels left

rFire   . . .        a - +0 long sword
rCold   . . .        c - +0 buckler
rNeg    . . .        b - +0 scale mail
rPois   .            (no helmet)
rElec   .            (no cloak)
rCorr   .            (no gloves)
SInv    .            (no boots)
Will    .....        (no amulet) Stlth
                     (no ring)
HPRegen 0.26/turn    (no ring)
MPRegen 0.18/turn

%: guardian spirit
@: lethally poisoned (-2 -> -9)
A: molten scales 1, magic shield, magic regeneration
a: no special abilities


You were on level 3 of the Dungeon.
You visited 1 branch of the dungeon, and saw 3 of its levels.

You collected 80 gold pieces.

Inventory:

Hand Weapons
 a - a +0 long sword (weapon)
 f - a +1 hand axe of distortion
 p - a +2 dagger of venom
Armour
 b - a +0 scale mail (worn)
 c - a +0 buckler (worn)
Scrolls
 g - a scroll of immolation {unknown}
 i - 5 scrolls of teleportation {unknown}
 j - a scroll of noise {unknown}
 l - 3 scrolls of identify {unknown}
 m - a scroll of poison {unknown}
 r - a scroll of enchant armour {unknown}
 s - a scroll of vulnerability {unknown}
 t - a scroll of fog {unknown}
Potions
 d - 2 potions of might
 e - a potion of haste {unknown}
 k - a potion of lignification {unknown}
 n - a potion of invisibility {unknown}
 o - a potion of heal wounds {unknown}
 q - a potion of mutation {unknown}


   Skills:
 * Level 3.4 Fighting
 + Level 3.2 Long Blades
 * Level 3.5 Armour
 * Level 1.2 Dodging
 * Level 3.1 Shields


You had 4 spell levels left.
You didn't know any spells.
Your spell library contained the following spells:

 Spells                   Type           Power      Damage    Failure   Level
 Lesser Beckoning         Tloc           0%         N/A       95%         2
 Gell's Gravitas          Tloc           0%         N/A       99%         3
 Teleport Other           Tloc           0%         N/A       99%         3


Dungeon Overview and Level Annotations

Branches:
Dungeon (3/15)

Altars:

Shops:
D:1 *   D:2 [


Innate Abilities, Weirdness & Mutations

You are partially covered in molten scales. (AC +2)
When hurt, damage is shared between your health and your magic reserves.
You regenerate magic rapidly.


Message History

The kobold hits you with a +0 club.
* * * LOW HITPOINT WARNING * * *
You barely miss the orc. The orc hits you but does no damage.
You are poisoned.
The kobold hits you but does no damage.
The orc hits you with a +1 dagger of venom.
* * * LOW HITPOINT WARNING * * *
You hit the orc but do no damage.
* * * LOW HITPOINT WARNING * * *
You feel very sick. The kobold closely misses you. You block the orc's attack.
The kobold hits you but does no damage.
You feel better.
The orc hits you with a +1 dagger of venom.
You are poisoned.
The kobold hits you but does no damage.
You feel very sick. The orc hits you but does no damage.
Items here: )) [ †.
You feel sick.
You barely miss the orc.
You feel sick. You block the orc's attack.
You hit the orc but do no damage.
You feel sick. The orc hits you but does no damage.
You closely miss the orc.
You feel sick. The orc hits you but does no damage. x2
You are lethally poisoned!
You completely miss the orc.
* * * LOW HITPOINT WARNING * * *
You feel sick. You block the orc's attack.
You hit the orc but do no damage.
* * * LOW HITPOINT WARNING * * *
You feel sick. The orc hits you but does no damage.
You are more poisoned.
You hit the orc.
The orc is moderately wounded.
* * * LOW HITPOINT WARNING * * *
You feel very sick. The orc hits you but does no damage.
You closely miss the orc.
The orc is moderately wounded.
You die...

# #. #.###########
#...@oK.....#
#...##......######
#...##..(...'....#
#...##......####.#..# ..
#...##......####.#..# ...
#...##......#....#..#
....#...##......#.####..#
....#...##......'....#..#
........'.......#.##.#..#


You could see an orc and a kobold.

Vanquished Creatures
  2 orc priests (D:3)
  3 adders
  2 worms (D:2)
  An orc (D:3)
  6 endoplasms
  4 giant cockroaches
  3 goblins (D:2)
  8 hobgoblins
  7 kobolds
  5 quokkas
  6 ball pythons
  8 bats
  2 frilled lizards (D:2)
  6 rats
63 creatures vanquished.

Notes
Turn   | Place    | Note
-------+----------+-------------------------------------------
     0 | D:1      | wildpjah the Demonspawn Fighter began the quest for the
                  | Orb.
     0 | D:1      | Reached XP level 1. HP: 18/18 MP: 1/1
   182 | D:1      | Gained mutation: You regenerate magic rapidly. [demonic
                  | ancestry]
   182 | D:1      | Reached XP level 2. HP: 22/24 MP: 2/2
   201 | D:1      | Found Vuaddoi's Assorted Antiques.
   760 | D:2      | Gained mutation: You are partially covered in molten
                  | scales. (AC +2) [demonic ancestry]
   760 | D:2      | Reached XP level 3. HP: 29/29 MP: 3/3
   926 | D:2      | Found Yceih's Antique Armour Boutique.
  1175 | D:2      | Reached XP level 4. HP: 35/35 MP: 4/4
  1226 | D:2      | Reached skill level 1 in Dodging
  1763 | D:3      | Noticed a kobold brigand
  1769 | D:3      | Noticed a kobold brigand
  1961 | D:3      | Gained mutation: When hurt, damage is shared between your
                  | health and your magic reserves. [demonic ancestry]
  1961 | D:3      | Reached XP level 5. HP: 7/41 MP: 5/5
  1972 | D:3      | HP: 1/41 [poisoned by an orc]
  1973 | D:3      | Succumbed to an orc's poison

Illustrated notes

Levels and vault maps discovered:
D:1:      dpeg_arrival_round_a, layout_loops_ring, serial_shops,
          nicolae_shop_dealshenge, minmay_misc_feat_tower
D:2:      layout_loops_ring, serial_shops, shop, minivault_25,
          minmay_split_cup_large
D:3:      cheibrodos_thug_alley, layout_basic

Skill      XL: |  1  2  3  4 |
---------------+-------------+-----
Armour         | 3 |  3.5
Long Blades    | 2 3 |  3.2
Dodging        | 1 |  1.2
Shields        | 3 |  3.1
Fighting       | |  3.4

Action                     |  1- 3 |  4- 6 || total
---------------------------+-------+-------++-------
  Melee: Long sword        |   137 |    80 ||   217
    Use: Potion            |       |     2 ||     2
 Armour: Scale mail        |   111 |    63 ||   174
  Dodge: Dodged            |    61 |    45 ||   106
  Block: Buckler           |    28 |    23 ||    51

Table legend: (Time is in decaauts)
 A = Elapsed time spent in this place.
 B = Non-inter-level travel time spent in this place.
 C = Inter-level travel time spent in this place.
 D = Time resting spent in this place.
 E = Time spent auto-exploring this place.
 F = Levels seen in this place.
 G = Mean time per level.
                   A        B        C        D        E       F      G
               +--------+--------+--------+--------+--------+-----+--------+
         Total |   2044 |   2018 |     26 |    194 |   1334 |   3 |  681.3 |
       Dungeon |   2044 |   2018 |     26 |    194 |   1334 |   3 |  681.3 |
               +--------+--------+--------+--------+--------+-----+--------+

Top non-repeatable levels by time:
     D:2: 1022 daAuts
     D:1: 777 daAuts
     D:3: 244 daAuts
